 Dungeon Crawl Stone Soup version 0.30-a0-40-gc6d0f036a7 (webtiles) character file.

Game seed: 11112948872522764048

1252 ytrimaz the Changer (level 8, -7/46 (48) HPs)
             Began as an Octopode Transmuter on Aug 29, 2022.
             Was an Initiate of Ashenzari.
             Mangled by a wight
             ... wielding a +4 battleaxe
              (16 damage)
             ... on level 5 of the Dungeon.
             The game lasted 00:06:08 (6864 turns).

ytrimaz the Changer (Octopode Transmuter)           Turns: 6864, Time: 00:06:08

HP:   -7/46 (48)    AC:  2    Str:  9    XL:     8   Next: 51%
MP:   14/16         EV: 19    Int: 18    God:    Ashenzari [......]
Gold: 243           SH:  0    Dex: 17    Spells: 7/17 levels left

rFire   + . .      SeeInvis .      - Unarmed
rCold   . . .      Faith    .    (shield currently unavailable)
rNeg    . . .      Spirit   .    (helmet currently unavailable)
rPois   x          Reflect  .    (no amulet)
rElec   .          Harm     .    d - ring of wizardry
rCorr   .          Rampage  .    h - ring of protection from fire
Will    +....                    t - ring of willpower
Stlth   ++........               (no ring)
HPRegen 0.15/turn                (no ring)
MPRegen 0.15/turn                (no ring)
                                 (no ring)
                                 (no ring)

@: about to teleport, spider-form, lightly drained
A: venomous fangs, almost no armour, (amphibious), 8 rings, tiny, (camouflage
1), (gelatinous body 1), (nimble swimmer 1), (tentacles)
a: End Transformation, Renounce Religion


You were on level 5 of the Dungeon.
You worshipped Ashenzari.
Ashenzari was noncommittal.
You were a venomous arachnid creature.
You visited 2 branches of the dungeon, and saw 7 of its levels.
You also visited: Sewer.

You collected 243 gold pieces.

Inventory:

Jewellery
 d - a ring of wizardry (left front leg)
 h - a ring of protection from fire (right front leg)
 t - a ring of willpower (on tentacle)
Wands
 o - a wand of roots (10)
 s - a wand of acid (4)
Scrolls
 f - a scroll of fog
 g - 3 scrolls of amnesia
 k - a scroll of vulnerability
 l - a scroll of noise
 p - 2 scrolls of magic mapping
 r - a scroll of teleportation
Potions
 a - 2 potions of lignification
 b - 2 potions of cancellation {unknown}
 c - 3 potions of mutation
 e - 3 potions of flight
 i - 3 potions of magic {unknown}
 j - 2 potions of curing
 m - 5 potions of brilliance
 n - a potion of invisibility {unknown}
 q - a potion of heal wounds {unknown}


   Skills:
 - Level 1.0 Fighting
 - Level 2.0 Dodging
 - Level 4.0 Unarmed Combat
 + Level 5.3 Spellcasting
 + Level 5.9 Transmutations
 - Level 4.0 Ice Magic
 - Level 4.0 Poison Magic


You had 7 spell levels left.
You knew the following spells:

 Your Spells              Type           Power      Damage    Failure   Level
a - Beastly Appendage     Tmut           52%        N/A       2%          1
b - Wereblood             Tmut           26%        N/A       3%          2
c - Spider Form           Tmut/Pois      22%        N/A       6%          3
d - Ice Form              Ice/Tmut       22%        N/A       16%         4

Your spell library contained the following spells:

 Spells                   Type           Power      Damage    Failure   Level
 Sublimation of Blood     Necr           4%         N/A       16%         2
 Summon Hydra             Summ           2%         N/A       100%        7


Dungeon Overview and Level Annotations

Branches:
Dungeon (6/15)             Temple (1/1) D:5           Sewer (visited)

Altars:
Ashenzari
Dithmenos
Fedhas
Hepliaklqana
Kikubaaqudgha
Makhleb
Okawaru
Qazlal
Ru
Sif Muna
Trog
Uskayaw
Vehumet
Wu Jian
Xom
Zin


Innate Abilities, Weirdness & Mutations

You are a venomous arachnid creature.
You have poisonous fangs.
You are tiny and dextrous.
Your spellcasting is less reliable in this form.
Your armour is entirely melded.
You are incapable of wielding weapons or throwing items.
You cannot wear most types of armour.
((You are amphibious.))
You can wear up to eight rings at the same time.
((Your skin changes colour to match your surroundings (Stealth+).))
((Your rubbery body absorbs attacks. (AC +1, EV +1)))
((You are camouflaged when in or above water. (Stealth+)))
((You have tentacles for arms and can constrict up to eight enemies at once.))


Message History

Casting: Spider Form (dangerous; 6% risk of failure)
Confirm with . or Enter, or press ? or * to list all spells.
The spell is quite dangerous to miscast (16% risk of failure)!
Continue anyway? [Y]es or [N]o only, please.
The spell is quite dangerous to miscast (16% risk of failure)!
Continue anyway? [Y]es or [N]o only, please.
The spell is quite dangerous to miscast (16% risk of failure)!
Continue anyway?
Okay, then.
You hit the wight.
The wight is lightly damaged.
You barely miss the wight.
The wight is lightly damaged.
The wight misses you.
Unknown command.
You hit the wight.
The wight is moderately damaged.
The wight completely misses you.
You hit the wight but do no damage.
The wight is moderately damaged.
The wight hits you with a +4 battleaxe!
You hit the wight but do no damage.
The wight is moderately damaged.
The wight hits you with a +4 battleaxe!
You hit the wight but do no damage.
The wight is moderately damaged.
The wight barely misses you.
You hit the wight.
The wight is heavily damaged.
The wight hits you with a +4 battleaxe!
* * * LOW HITPOINT WARNING * * *
You feel drained.
* * * LOW HITPOINT WARNING * * *
Unknown command.
Casting: Ice Form (quite dangerous; 16% risk of failure)
Confirm with . or Enter, or press ? or * to list all spells.
The spell is quite dangerous to miscast (16% risk of failure)!
Continue anyway?
Okay, then.
As you read the scroll of teleportation, it crumbles to dust.
You feel strangely unstable. The wight hits you with a +4 battleaxe!
You die...

§§§...[.≈......#.#.#.#.#####...#
§§≈§≈≈≈.§.####.##.##.#.......P.#
≈.≈...≈.≈.# #.##....#######.P.#
≈.≈._.≈.≈.# #.####..# #..P.#
≈.....≈.≈.# #.####..# #..P.#
≈.≈≈≈≈≈.§§####.......### #....#
≈.§§....§..............# #....#
≈≈§§§≈≈≈§..##.....#.##.####..≈.##
.§§§.......#....sz..##.......≈...
..####.....#.................≈...
.## #.....#.......)##...>...≈...
## #..............[..####....## #
#####.........[##.# #....# #
######..#####.# #...## #########
#........# #[..#
##......#######.###########...#
##.####.........#.....##.###.###


You could see a wight.

Vanquished Creatures
  Sigmund (D:2)
  2 black bears (D:4)
  A phantom (D:5)
  2 kobold brigands (Sewer)
  A necrophage (D:5)
  3 scorpions (D:5)
  A jelly (D:5)
  An orc priest (D:5)
  2 hounds (D:5)
  Jessica (D:2)
  A gnoll bouda (D:5)
  Ijyb (D:4)
  Natasha (D:2)
  An orc wizard (D:5)
  6 adders
  4 gnolls (D:5)
  3 white imps (D:4)
  2 ufetubi (D:4)
  2 worms
  2 dart slugs (D:2)
  8 orcs
  5 endoplasms
  6 giant cockroaches
  6 goblins
  4 hobgoblins
  5 jackals
  8 quokkas
  5 ball pythons
  6 bats
  5 frilled lizards
  20 kobolds
  10 rats
126 creatures vanquished.

Notes
Turn   | Place    | Note
-------+----------+-------------------------------------------
     0 | D:1      | ytrimaz the Octopode Transmuter began the quest for the
                  | Orb.
     0 | D:1      | Reached XP level 1. HP: 13/13 MP: 3/3
   256 | D:1      | Reached XP level 2. HP: 6/18 MP: 3/5
   544 | D:1      | Found a faded altar of an unknown god.
   545 | D:1      | Noticed a floating eye
   549 | D:1      | Noticed a shining eye
   549 | D:1      | Noticed a floating eye
   549 | D:1      | Noticed a great orb of eyes
  1646 | D:2      | Reached XP level 3. HP: 14/23 MP: 4/6
  1649 | D:2      | Learned a level 2 spell: Wereblood
  1653 | D:2      | Learned a level 3 spell: Spider Form
  2116 | D:2      | Noticed Natasha
  2121 | D:2      | Reached skill level 1 in Poison Magic
  2127 | D:2      | Killed Natasha
  2128 | D:2      | Reached XP level 4. HP: 19/28 MP: 7/7
  2483 | D:2      | Noticed Sigmund
  2501 | D:2      | Killed Sigmund
  2502 | D:2      | Reached XP level 5. HP: 23/33 MP: 7/9
  2556 | D:2      | Noticed Jessica
  2564 | D:2      | Killed Jessica
  2565 | D:2      | Reached XP level 6. HP: 25/38 MP: 6/10
  2584 | D:2      | Learned a level 4 spell: Ice Form
  3301 | D:3      | Identified the +1 scale mail of Autumn {rPois rF+ Regen+
                  | Stlth+}
  3377 | D:3      | Reached skill level 1 in Ice Magic
  3383 | D:3      | Found a glowing drain.
  3387 | Sewer    | Entered a sewer
  3429 | Sewer    | Reached XP level 7. HP: 21/43 MP: 8/12
  4139 | D:4      | Found a bloodstained altar of Trog.
  4294 | D:4      | Found a hazy altar of Hepliaklqana.
  4941 | D:4      | Noticed Ijyb
  4951 | D:4      | Killed Ijyb
  5557 | D:5      | Entered Level 5 of the Dungeon
  5626 | D:5      | Found a shimmering altar of Xom.
  5694 | D:5      | Reached XP level 8. HP: 48/48 MP: 9/14
  5754 | D:5      | Reached skill level 5 in Transmutations
  5909 | D:5      | Found an ancient bone altar of Kikubaaqudgha.
  6031 | D:5      | Reached skill level 5 in Spellcasting
  6473 | D:5      | Found a staircase to the Ecumenical Temple.
  6481 | Temple   | Entered the Ecumenical Temple
  6553 | Temple   | Became a worshipper of Ashenzari the Shackled
  6864 | D:5      | Mangled by a wight

Illustrated notes

Levels and vault maps discovered:
D:1:      dpeg_arrival_solitude, layout_basic,
          hellmonk_ecumenical_altar_watching_god
D:2:      layout_loops_cross, minmay_pentomino_r2, uniq_jessica, uniq_sigmund,
          uniq_natasha
D:3:      layout_basic, gup_sewer_entry_spiral
D:4:      layout_loops_ring, mainiacjoe_overflow_catwalk, trog_ov_bears_minmay,
          serial_demonic, serial_demonic_f, serial_demonic_d, serial_demonic_b,
          serial_demonic_c, hangedman_decor_riveting, uniq_ijyb
D:5:      layout_loops_cross, mainiacjoe_overflow_concentric_impassable,
          mainiacjoe_overflow_boulevard, minmay_temple_entry_tees
D:6:      layout_rooms, kennysheep_ying_yang, mainiacjoe_overflow_alcove_4,
          minmay_fractal_squares_gapless_5
Temple:   nicolae_temple_ecumenical_triangle

Skill      XL: |  1  2  3  4  5  6  7  8 |
---------------+-------------------------+-----
Unarmed Combat | 4 |  4.0
Poison Magic   | 1 3 4 |  4.0
Spellcasting   | 3 4 5 |  5.3
Transmutations | 3 4 5 |  5.9
Ice Magic      | 2 4 |  4.0
Fighting       | |  1.0
Dodging        | |  2.0

Action                   |  1- 3 |  4- 6 |  7- 9 || total
-------------------------+-------+-------+-------++-------
Melee: Unarmed           |    64 |   123 |   155 ||   342
       Kick              |    11 |     1 |       ||    12
       Constrict         |    13 |     9 |     3 ||    25
       Tentacles         |    11 |     7 |     3 ||    21
 Cast: Beastly Appendage |    18 |     3 |       ||    21
       Spider Form       |       |     8 |     4 ||    12
       Ice Form          |       |     2 |    18 ||    20
       Wereblood         |       |     1 |     2 ||     3
  Use: Potion            |     2 |     2 |       ||     4
       Scroll            |     8 |     3 |     5 ||    16
 Stab: Sleeping          |     3 |     2 |     1 ||     6
Armor: Skin              |    13 |    29 |    58 ||   100
Dodge: Dodged            |    37 |    79 |    95 ||   211

Table legend: (Time is in decaauts)
 A = Elapsed time spent in this place.
 B = Non-inter-level travel time spent in this place.
 C = Inter-level travel time spent in this place.
 D = Time resting spent in this place.
 E = Time spent auto-exploring this place.
 F = Levels seen in this place.
 G = Mean time per level.
                   A        B        C        D        E       F      G
               +--------+--------+--------+--------+--------+-----+--------+
         Total |   6847 |   6706 |    141 |    349 |   5356 |   8 |  855.9 |
       Dungeon |   6076 |   5966 |    110 |    349 |   4789 |   6 | 1012.7 |
        Temple |    105 |     74 |     31 |      0 |     57 |   1 |  105.0 |
         Sewer |    666 |    666 |      0 |      0 |    510 |   1 |  666.0 |
               +--------+--------+--------+--------+--------+-----+--------+

Top non-repeatable levels by time:
     D:2: 1754 daAuts
     D:4: 1446 daAuts
     D:5: 1198 daAuts
     D:1: 1049 daAuts
   Sewer: 666 daAuts
     D:3: 626 daAuts
  Temple: 105 daAuts
     D:6: 1 daAuts
